 Dungeon Crawl Stone Soup version 0.29-a0-294-g83ea962da3 (webtiles) character file.

Game seed: 11320166958611483224

266 Armakuni the Skirmisher (level 6, -1/48 HPs)
             Began as a Human Wanderer on Mar 18, 2022.
             Slain by an orc wizard
             ... wielding a +0 dagger
              (2 damage)
             ... on level 4 of the Dungeon.
             The game lasted 00:05:00 (2963 turns).

Armakuni the Skirmisher (Human Wanderer)            Turns: 2963, Time: 00:05:00

Health: -1/48      AC: 11    Str: 14    XL:     6   Next: 44%
Magic:  7/7        EV: 11    Int: 16    God:
Gold:   103        SH:  5    Dex: 15    Spells: 7/7 levels left

rFire   . . .      SeeInvis .   a - +3 spear (protect)
rCold   . . .      Faith    .   n - +0 buckler
rNeg    . . .      Spirit   .   e - +0 leather armour
rPois   .          Reflect  .   c - +0 helmet
rElec   .          Harm     .   (no cloak)
rCorr   .          Rampage  .   (no gloves)
Will    .....                   (no boots)
Stlth   ++........              M - amulet of magic regeneration
HPRegen 0.16/turn               I - +6 ring of intelligence
MPRegen 0.50/turn               (no ring)

@: under a protective aura
A: no striking features
a: no special abilities


You were on level 4 of the Dungeon.
You visited 1 branch of the dungeon, and saw 4 of its levels.

You collected 103 gold pieces.

Inventory:

Hand Weapons
 a - a +3 spear of protection (weapon)
 b - a +0 arbalest
 r - the +1 quarterstaff of Might {freeze, rC+ rN+ Str+2}
   (You found it on level 3 of the Dungeon)

   It freezes those it strikes, dealing additional cold damage.
   It can also slow down cold-blooded creatures.
   Str:       It affects your strength (+2).
   rC:        It protects you from cold.
   rN:        It protects you from negative energy.
Missiles
 f - 2 poisoned darts (quivered)
 l - 3 boomerangs
Armour
 c - a +0 helmet (worn)
 e - a +0 leather armour (worn)
 n - a +0 buckler (worn)
Jewellery
 I - a +6 ring of intelligence (left hand)
 M - an amulet of magic regeneration (around neck)
Wands
 k - a wand of digging (8)
Scrolls
 d - 2 scrolls of blinking
 j - 2 scrolls of teleportation
 q - a scroll of enchant weapon
Potions
 g - a potion of might
 i - 2 potions of mutation {unknown}
 m - 3 potions of brilliance {unknown}
 o - 4 potions of curing {unknown}
 p - a potion of ambrosia {unknown}
 s - a potion of haste {unknown}
 t - a potion of berserk rage {unknown}


   Skills:
 - Level 4.0 Fighting
 - Level 2.0(2.2) Polearms
 + Level 1.3(1.9) Staves
 - Level 2.0 Armour
 - Level 2.0 Dodging
 - Level 2.0 Stealth
 - Level 4.0 Shields
 - Level 1.0 Spellcasting


You had 7 spell levels left.
You didn't know any spells.
Your spell library contained the following spells:

 Spells                   Type           Power      Damage    Failure   Level
 Conjure Flame            Conj/Fire      0%         6-21      73%         3
 Ignite Poison            Fire/Tmut/Pois 0%         N/A       73%         3
 Sticky Flame             Conj/Fire      0%         2d3       98%         4


Dungeon Overview and Level Annotations

Branches:
Dungeon (4/15)
 Temple: D:4-7

Altars:
Vehumet


Message History

The magic dart hits you.
You miss something. Something hits you but does no damage.
You barely miss something. Something barely misses you.
You barely miss something. Something hits you but does no damage.
You hit something but do no damage.
You hear some strange, mumbled words.
Something tries to affect you, but you resist.
You miss something. Something hits you but does no damage.
You miss something.
You hear some strange, mumbled words.
You are confused.
You barely miss something. Something hits you but does no damage.
You bump into the rock wall.
Something hits you.
* * * LOW HITPOINT WARNING * * *
Something hits you but does no damage.
A magic dart appears from out of thin air!
The magic dart hits you.
* * * LOW HITPOINT WARNING * * *
Something hits you but does no damage.
You bump into the rock wall.
Something hits you but does no damage.
You bump into the rock wall.
You feel less confused.
You hear some strange, mumbled words.
A puff of flame appears from out of thin air!
The puff of flame hits you!
* * * LOW HITPOINT WARNING * * *
You miss something. Something hits you.
* * * LOW HITPOINT WARNING * * *
You barely miss something.
An orc wizard appears from thin air!
Reactivating autopickup.
The orc wizard closely misses you.
You closely miss the orc wizard.
The orc wizard is almost dead.
The orc wizard casts a spell.
The orc wizard flickers and vanishes!
Deactivating autopickup; reactivate with Ctrl-A.
You hit something but do no damage.
Your weapon exudes an aura of protection.
Something hits you.
You die...

...... ..... ....# #...
..# #.. #...# #.# #....#
##.# #....## #.<# #....#
#@## # #...####{## ### .
#....##ono## ###.. ...
#......o..##########....
....###
##...###................
...o...###..##
#.......>........
.....)..o..##
#........######..
....n.##..##
##.........## ### .....
#..# #...........##


You could see a necrophage and 3 orcs.

Vanquished Creatures
  4 orc wizards
  A gnoll (D:3)
  5 adders
  2 ufetubi (D:4)
  3 worms
  A dart slug (D:2)
  6 orcs
  4 bats
  7 endoplasms
  16 giant cockroaches
  3 goblins
  6 hobgoblins
  4 quokkas
  6 ball pythons
  3 frilled lizards
  4 kobolds
  9 rats
84 creatures vanquished.

Notes
Turn   | Place    | Note
-------+----------+-------------------------------------------
     0 | D:1      | Armakuni the Human Wanderer began the quest for the Orb.
     0 | D:1      | Armakuni set off with the following items: a +2 spear, a
                  | potion of attraction, a +0 helmet, a scroll of blinking, a
                  | +0 leather armour
     0 | D:1      | Reached XP level 1. HP: 15/15 MP: 2/2
     1 | D:1      | Noticed an electric eel
    40 | D:1      | You fall into a shaft and drop 1 floor!
    64 | D:2      | Found a radiant altar of Vehumet.
   109 | D:2      | Found a faded altar of an unknown god.
   209 | D:2      | Reached XP level 2. HP: 22/22 MP: 3/3
   529 | D:1      | Reached XP level 3. HP: 20/28 MP: 4/4
  1311 | D:2      | Reached XP level 4. HP: 33/36 MP: 5/5
  1714 | D:3      | Reached skill level 1 in Shields
  1751 | D:3      | Reached XP level 5. HP: 42/42 MP: 6/6
  2127 | D:3      | Identified the +1 quarterstaff of Might {freeze, rC+ rN+
                  | Str+2}
  2776 | D:3      | Reached XP level 6. HP: 29/48 MP: 7/7
  2941 | D:4      | Reached skill level 1 in Staves
  2959 | D:4      | HP: 2/48 [something/puff of flame (8)]
  2963 | D:4      | Slain by an orc wizard

Illustrated notes

Levels and vault maps discovered:
D:1:      arrival_aquarium_a, layout_basic
D:2:      minmay_roachtagon, layout_rooms, ebering_ecumenical_altar_hall,
          basic_altar
D:3:      layout_rooms
D:4:      layout_cave_pods, minmay_fire_ice_demons

Skill      XL: |  1  2  3  4  5  6 |
---------------+-------------------+-----
Fighting       | 2 3 4 |  4.0
Shields        | 1 3 4 |  4.0
Staves         | 1 |  1.3
Polearms       | |  2.0
Armour         | |  2.0
Dodging        | |  2.0
Stealth        | |  2.0
Spellcasting   | |  1.0

Action                   |  1- 3 |  4- 6 || total
-------------------------+-------+-------++-------
Melee: Spear             |   119 |   208 ||   327
       Punch             |     1 |       ||     1
  Use: Scroll            |     9 |     1 ||    10
 Stab: Sleeping          |     2 |     8 ||    10
Armor: Leather armour    |    22 |    71 ||    93
Dodge: Dodged            |    61 |    99 ||   160
Block: Buckler           |       |    23 ||    23

Table legend: (Time is in decaauts)
 A = Elapsed time spent in this place.
 B = Non-inter-level travel time spent in this place.
 C = Inter-level travel time spent in this place.
 D = Time resting spent in this place.
 E = Time spent auto-exploring this place.
 F = Levels seen in this place.
 G = Mean time per level.
                   A        B        C        D        E       F      G
               +--------+--------+--------+--------+--------+-----+--------+
         Total |   2973 |   2920 |     53 |    335 |   1755 |   4 |  743.2 |
       Dungeon |   2973 |   2920 |     53 |    335 |   1755 |   4 |  743.2 |
               +--------+--------+--------+--------+--------+-----+--------+

Top non-repeatable levels by time:
     D:2: 866 daAuts
     D:3: 807 daAuts
     D:1: 805 daAuts
     D:4: 494 daAuts
